 Dungeon Crawl Stone Soup version 0.18-a0-1523-gbe15c29 (webtiles) character file.

26252 GrosslyIncandescent the Martial Artist (level 12, -2/100 HPs)
             Began as a Mummy Monk on Mar 7, 2016.
             Slain by a six-headed hydra (14 damage)
             ... on level 2 of the Lair of Beasts.
             The game lasted 01:33:52 (37957 turns).

GrosslyIncandescent the Martial Artist (MuMo)      Turns: 37957, Time: 01:33:52

Health: -2/100     AC:  8    Str: 15    XL:     12   Next: 96%
Magic:  21/21      EV: 18    Int: 10    God:
Gold:   832        SH:  9    Dex: 18    Spells: 0 memorised, 11 levels left

rFire  x . .     SeeInvis .       - Unarmed
rCold  + . .     Gourm    .     (no armour)
rNeg   + + +     Faith    .     u - +0 shield {I love you}
rPois  ∞         Spirit   .     h - +1 hat
rElec  .         Dismiss  .     n - +0 cloak
rCorr  .         Reflect  .     g - +2 pair of gloves {archery} {DEGENERATE}
SustAt .         Harm     .     k - +0 pair of boots
MR     +....                    (no amulet)
Stlth  +++.......               p - +2 ring of protection
                                c - ring of magical power

@: about to teleport, frozen, very slow, somewhat resistant to hostile
enchantments, fairly stealthy
A: no food or potions, fire vulnerability, cold resistance 1, negative energy
resistance 3, torment resistance, unbreathing
a: no special abilities


You were on level 2 of the Lair of Beasts.
You were not hungry.

You visited 2 branches of the dungeon, and saw 15 of its levels.

You collected 832 gold pieces.


Innate Abilities, Weirdness & Mutations

You do not eat or drink.
Your flesh is vulnerable to fire.
You are immune to poison.
Your flesh is cold resistant.
You are immune to negative energy.
You are immune to unholy pain and torment.
You can survive without breathing.


   Skills:
 - Level 11.0 Fighting
 - Level 11.0 Dodging
 - Level 5.4 Stealth
 + Level 3.6 Shields
 - Level 11.2 Unarmed Combat


You had 11 spell levels left.
You didn't know any spells.

Inventory:

Hand Weapons
 q - a +0 dagger {The dagger of the spriggan}
Armour
 g - a +2 pair of gloves of archery (worn) {DEGENERATE}
 h - a +1 hat (worn)
 i - a +0 robe {JJ's}
 k - a +0 pair of boots (worn)
 n - a +0 cloak (worn)
 u - a +0 shield (worn) {I love you}
Jewellery
 c - a ring of magical power (left hand)
 p - a +2 ring of protection (right hand)
 r - an uncursed ring of resist corrosion {unknown}
 t - an uncursed ring of sustain attributes {unknown}
Wands
 v - a wand of disintegration (12/24)
Scrolls
 a - 8 scrolls of remove curse {FROGBANE}
 b - 6 scrolls of enchant weapon
 d - 3 scrolls of random uselessness (quivered) {Scroll of usefulness}
 e - 2 scrolls of recharging {unknown}
 l - a scroll of noise {unknown}
 o - a scroll of immolation {unknown}
 s - a scroll of vulnerability {unknown}
Comestibles
 m - 5 fruits

Dungeon Overview and Level Annotations

Branches:
Dungeon (11/15)            Temple (0/1) D:6            Lair (4/8) D:9
  Swamp (0/4) Lair:4          Orc (0/2) D:10
  Snake: Lair:3-6    Spider: Lair:3-6

Altars:
Ashenzari
Cheibriados
Elyvilon
Gozag
Kikubaaqudgha
Makhleb
Nemelex Xobeh
Okawaru
Pakellas
Qazlal
Ru
Sif Muna
Vehumet
Yredelemnul
The Shining One
Beogh

Annotations:
D:6 exclusion: downstairs
D:7 exclusions: death yak and 10 more exclusions
D:8 !6 heads, exclusions: downstairs and upstairs
D:9 !Ugly corrosive, exclusions: downstairs and upstairs
D:10 !6 Heads
D:11 Josephine
Lair:2 5 legs(ANNIHILATED) & !6 legs, 17 exclusions
Lair:3 !lindt AND 7 legs in a logical progression, 1 exclusion
Lair:4 exclusions: downstairs, hydra and 4 more exclusions

▒!P.▒▒.................▒▒..f...P.
▒▒▒▒▒▒▒▒....▒▒.........▒▒........
▒f....▒▒.........▒▒.....▒.▒
▒▒....▒▒.........▒▒▒..▒▒▒▒.
▒...............▒▒▒P..▒....
▒...............▒ ▒........
▒...............▒▒▒▒.......
▒>......kD......▒..▒..f....
▒▒........M...........f▒...
▒▒...................▒▒...
▒..........<........▒▒f..
▒▒▒..........▒.▒.P..▒▒▒▒.
▒.........▒▒▒▒▒▒▒▒▒ ▒.
▒▒▒▒.▒▒▒P▒▒ ▒▒ ▒▒▒ ▒▒▒


You could see a six-headed hydra and a rime drake.


Message History

Really walk into a travel-excluded area?
The rime drake breathes ice at you! The flash freeze misses you!
The rime drake breathes ice at you! The flash freeze misses you!
Enter note: I'm dead Read which item? (? for menu, Esc to quit)
Okay, then!
The rime drake breathes ice at you! The flash freeze misses you!
The rime drake breathes ice at you! The flash freeze hits you!!!
You partially resist! * * * don't die
* * * You are encased in ice!
Read which item? (? for menu, Esc to quit)
Okay, then!
You can't drink!
You can't eat!
Unknown command!
Unknown command!
Enter note: when did THAT happen
Here: a six-headed hydra (heavily wounded)
The floor!
Enter note: yeah no, I'm dead Read which item? (? for menu, Esc to quit)
As you read the scroll of teleportation {@r4}, it crumbles to dust!
You feel strangely unstable!
The six-headed hydra bites you!!! * * * don't die
* * * The six-headed hydra bites you!!! rip

Action                   |  1- 3 |  4- 6 |  7- 9 | 10-12 || total
-------------------------+-------+-------+-------+-------++-------
Melee: Unarmed           |   127 |   373 |   603 |  1732 ||  2835
  Use: Scroll            |       |     7 |     1 |     6 ||    14
 Stab: Sleeping          |     5 |     4 |     2 |     5 ||    16
       Distracted        |     1 |       |     3 |     4 ||     8

Vault maps used:
D:1:      saegor_arrival_miasma
D:2:      first_bread
D:3:      lemuel_doored_altar, yredelemnul_altar_generic,
          overflow_temple_1_default, serial_glass, glass_columns_a,
          glass_columns_b, elyvilon_altar_5, uniq_jessica
D:4:      old_standard_altar, kennysheep_mini_moat
D:5:      cheibrodos_worm_habitat
D:6:      marbit_many_paths, temple_statues
D:7:      lemuel_upstairs_altar, minitemple
D:8:      kennysheep_six_static_rooms, gammafunk_temple_overflow_wave,
          nicolae_ru_awakened_eye, the_bakery
D:9:      dpeg_lair_monsters
D:10:     david_orc_5, st_stairs_5
D:11:     serial_ice, serial_ice_o, serial_ice_c, serial_ice_i, serial_ice_d,
          uniq_josephine
Lair:1:   eino_small_chamber_without_monster
Lair:3:   nicolae_volcano_entry_vermiform, forest_entry_grove,
          grunt_megastairs_3
Lair:4:   swamp_mist, serial_bayou_ford_a

Notes
Turn   | Place    | Note
--------------------------------------------------------------
     0 | D:1      | GrosslyIncandescent the Mummy Monk began the quest for the Orb.
     0 | D:1      | Reached XP level 1. HP: 18/18 MP: 1/1
   180 | D:1      | Reached XP level 2. HP: 10/24 MP: 2/2
   669 | D:1      | Reached skill level 4 in Unarmed Combat
   821 | D:1      | Reached XP level 3. HP: 14/29 MP: 3/3
  1953 | D:2      | Reached XP level 4. HP: 20/35 MP: 4/4
  2960 | D:3      | Reached skill level 5 in Unarmed Combat
  3061 | D:3      | Found a white marble altar of Elyvilon.
  3233 | D:3      | Found a basalt altar of Yredelemnul.
  3317 | D:3      | Noticed a phantom
  3402 | D:3      | Noticed Jessica
  4453 | D:2      | Reached XP level 5. HP: 14/41 MP: 5/5
  4751 | D:3      | Killed Jessica
  4770 | D:2      | Reached skill level 4 in Fighting
  5411 | D:3      | Found a deep blue altar of Sif Muna.
  6039 | D:3      | Found a radiant altar of Vehumet.
  6143 | D:4      | Found a stormy altar of Qazlal.
  6255 | D:4      | Reached skill level 5 in Fighting
  6255 | D:4      | Reached XP level 6. HP: 8/51 MP: 6/6
  6808 | D:4      | Reached skill level 3 in Dodging
  7245 | D:4      | Found an ancient bone altar of Kikubaaqudgha.
  7835 | D:5      | Entered Level 5 of the Dungeon
  7915 | D:5      | Reached skill level 4 in Dodging
  8077 | D:5      | Got a jewelled leather armour
  8109 | D:5      | Reached XP level 7. HP: 39/56 MP: 7/7
  8293 | D:5      | Found a snail-covered altar of Cheibriados.
  8395 | D:5      | Reached skill level 6 in Unarmed Combat
  8698 | D:4      | Identified the +2 leather armour of Spring {Str+4} (You found it on level 5 of the Dungeon)
  8708 | D:4      | I didn't do that on purpose
  8855 | D:5      | Reached XP level 8. HP: 29/62 MP: 8/8
  9210 | D:5      | Reached skill level 7 in Unarmed Combat
  9692 | D:6      | Found a staircase to the Ecumenical Temple.
  9899 | D:6      | Found a glowing golden altar of the Shining One.
 10120 | D:6      | Reached skill level 8 in Unarmed Combat
 10334 | D:6      | Reached skill level 6 in Fighting
 10997 | D:7      | Reached skill level 7 in Fighting
 10997 | D:7      | Reached XP level 9. HP: 38/72 MP: 9/9
 11402 | D:7      | Found a shattered altar of Ashenzari.
 11404 | D:7      | Found an iron altar of Okawaru.
 11422 | D:7      | Found an opulent altar of Gozag.
 11466 | D:7      | Found a sparkling altar of Nemelex Xobeh.
 12073 | D:7      | Reached skill level 8 in Fighting
 12461 | D:7      | Found a shattered altar of Ashenzari.
 12462 | D:7      | Found an iron altar of Okawaru.
 12464 | D:7      | Found a sparkling altar of Nemelex Xobeh.
 12465 | D:7      | Found an opulent altar of Gozag.
 12700 | D:8      | Reached skill level 5 in Dodging
 12945 | D:8      | Noticed Fabri's ghost (novice OpTm)
 13362 | D:7      | Reached skill level 6 in Dodging
 13611 | D:8      | Killed Fabri's ghost
 13611 | D:8      | Reached skill level 7 in Dodging
 14222 | D:8      | Found a sacrificial altar of Ru.
 14293 | D:8      | Found a burning altar of Makhleb.
 14293 | D:8      | Found an oddly glowing altar of Pakellas.
 14799 | D:8      | Reached XP level 10. HP: 80/80 MP: 10/10
 15398 | D:7      | Found a deep blue altar of Sif Muna.
 15788 | D:9      | Found a staircase to the Lair.
 15983 | D:9      | Noticed a brown ugly thing
 16452 | D:9      | Reached skill level 9 in Unarmed Combat
 16460 | Lair:1   | Entered Level 1 of the Lair of Beasts
 16460 | Lair:1   | Noticed a six-headed hydra
 16471 | D:10     | Entered Level 10 of the Dungeon
 17714 | D:10     | Noticed a cyclops
 17715 | D:10     | superior
 18311 | D:8      | Reached skill level 10 in Unarmed Combat
 18312 | D:8      | outclawed
 18653 | D:9      | That was a mistake
 18859 | D:9      | Reached skill level 8 in Dodging
 19511 | D:10     | Noticed a six-headed hydra
 20097 | Lair:1   | Noticed a spiny frog
 20132 | Lair:1   | Killed a spiny frog
 20177 | Lair:1   | Noticed a spiny frog
 20394 | Lair:1   | Reached skill level 9 in Dodging
 20394 | Lair:1   | Reached XP level 11. HP: 67/86 MP: 11/11
 20838 | Lair:1   | alexander platz
 21590 | Lair:1   | Reached skill level 9 in Fighting
 22641 | Lair:2   | Noticed a griffon
 22649 | Lair:2   | how the hell did I get so far
 23031 | D:9      | Reached skill level 10 in Fighting
 24071 | Lair:1   | WHAT HAVE I DONE
 24080 | Lair:1   | that was fun
 24535 | Lair:2   | Reached skill level 11 in Unarmed Combat
 25731 | Lair:1   | Killed a griffon
 25908 | Lair:1   | Reached skill level 11 in Fighting
 26100 | Lair:2   | Noticed a five-headed hydra
 26287 | Lair:2   | Noticed a six-headed hydra
 26685 | Lair:2   | Reached XP level 12. HP: 47/100 MP: 12/12
 27969 | Lair:1   | Reached skill level 10 in Dodging
 28100 | Lair:3   | oh boy
 29820 | Lair:4   | oh no
 29823 | Lair:4   | please no
 29824 | Lair:4   | not that
 29859 | Lair:4   | Found a staircase to the Swamp.
 29859 | Lair:4   | Noticed a five-headed hydra
 29860 | Lair:4   | IT HAD TO BE FUCKING SWAMP
 30109 | Lair:4   | Noticed a seven-headed hydra
 30135 | Lair:3   | Reached skill level 11 in Dodging
 30739 | Lair:1   | I want a fucking shield
 30979 | D:10     | it's hydras all the way down
 31122 | D:10     | Found a roughly hewn altar of Beogh.
 31122 | D:10     | Found a staircase to the Orcish Mines.
 31566 | D:10     | Reached skill level 2 in Stealth
 31567 | D:10     | Local one-eyed man not so tough after being deprived of RUKS
 31750 | D:10     | Reached skill level 3 in Stealth
 32048 | D:9      | Dicks-kun
 32048 | D:9      | why is MuMo so painful
 32471 | D:10     | Reached skill level 4 in Stealth
 32473 | D:10     | HAHA
 32473 | D:10     | TRICKED
 32850 | D:10     | Reached skill level 5 in Stealth
 33526 | D:11     | Reached skill level 1 in Shields
 33539 | D:11     | Noticed a death yak
 33770 | D:7      | oh
 34413 | D:7      | Killed a death yak
 34413 | D:7      | Reached skill level 2 in Shields
 34654 | D:11     | hm
 34654 | D:11     | I forgot these guys had nets
 34865 | D:11     | where it goes, nobody knows
 34866 | D:11     | Noticed Josephine
 35172 | D:9      | MASTER TACTICIAN
 35445 | Lair:1   | Killed a five-headed hydra
 35445 | Lair:1   | Reached skill level 3 in Shields
 36818 | Lair:2   | FUCKING
 36818 | Lair:2   | NEW
 36818 | Lair:2   | ENERGYTHINGIE
 37853 | Lair:2   | you roar at the hydra!
 37853 | Lair:2   | The hydra is scared stiff!
 37942 | Lair:2   | I'm dead
 37957 | Lair:2   | when did THAT happen
 37957 | Lair:2   | yeah no, I'm dead
 37957 | Lair:2   | Slain by a six-headed hydra

Vanquished Creatures
  A hydra (Lair:1)
  A death yak (D:7)
  An unseen horror (D:10)
  A griffon (Lair:1)
  A cyclops (D:10)
  The ghost of Fabri the Transmogrifier, a novice OpTm of Gozag (D:8)
  2 black mambas
  4 spiny frogs (Lair:1)
  2 gargoyles (D:10)
  A rime drake (Lair:1)
  6 komodo dragons
  A polar bear (Lair:3)
  10 blink frogs
  2 trolls
  3 two-headed ogres
  A centaur simulacrum (D:11)
  2 spriggans
  23 yaks
  A wyvern (D:8)
  A hungry ghost (D:9)
  4 hippogriffs
  7 wolves
  10 porcupines
  6 water moccasins
  A sky beast (D:9)
  An eye of draining (D:9)
  10 orc warriors
  2 black bears
  7 ice beasts
  4 phantoms
  7 ogres
  2 necrophages
  3 centaurs
  11 crocodiles
  15 giant frogs
  A big kobold (D:9)
  2 wyvern skeletons
  2 scorpions
  8 wights
  3 killer bees (D:5)
  6 howler monkeys
  2 centaur zombies
  4 crimson imps
  2 quasits (D:9)
  9 hounds
  A gnoll shaman (D:8)
  5 jellies
  5 orc priests
  2 giant frog skeletons
  Jessica (D:3)
  A centaur skeleton (D:8)
  10 iguanas
  8 hell rats
  9 worker ants
  6 orc wizards
  2 killer bee zombies
  7 sheep (Lair:2)
  A hound zombie (D:9)
  A howler monkey zombie (D:9)
  2 worker ant zombies
  21 adders
  11 gnolls
  A howler monkey skeleton (D:8)
  68 river rats
  3 shadow imps
  An adder zombie (D:5)
  2 adder skeletons
  9 worms
  4 dart slugs
  7 giant geckos
  62 orcs
  3 giant cockroaches
  8 goblins
  9 hobgoblins
  4 jackals
  10 quokkas
  A ball python (D:1)
  8 bats
  A giant gecko zombie (D:7)
  5 giant newts
  A jackal skeleton (D:4)
  11 kobolds
  2 quokka skeletons (D:6)
  A quokka zombie (D:6)
  10 rats
518 creatures vanquished.

Vanquished Creatures (others)
  14 fungi
  7 plants
21 creatures vanquished.

Grand Total: 539 creatures vanquished
